Map: 10000 Feet LE

Players

llllllllllll - Winner!

  • Race: Terran Terran
  • League: Master
  • Spawn Location: 11:00

GIGABONK

  • Race: Protoss Protoss
  • League: Grandmaster
  • Spawn Location: 5:00

VOD

Have the link to the VOD?

Description

Time

  • Played on: Feb. 13, 2026, 4:36 p.m.
  • Length: 9:52
Show
View Real Time Build Order
Export as new Build Order

llllllllllll Terran - Winner!

Build Orders:  

Get SALT Encoding   

  12  0:00  SCV  
  13  0:12  SCV  
  14  0:17  Supply Depot  
  14  0:24  SCV  
  15  0:39  SCV  
  15  0:40  Barracks  
  16  0:43  Refinery  
  16  0:51  SCV  
  17  1:03  SCV  
  18  1:15  SCV  
  19  1:27  Orbital Command  
  20  1:37  Command Center  
  20  1:39  Barracks Reactor  
  19  1:46  Supply Depot  
  19  1:53  SCV  
  20  2:00  Barracks  
  20  2:05  SCV  
  21  2:14  Engineering Bay  
  21  2:15  Marine x2  
  21  2:18  SCV  
  24  2:30  SCV  
  24  2:33  Marine x2  
  24  2:35  Barracks  
  27  2:42  Terran Infantry Weapons Level 1, SCV  
  28  2:47  Barracks Tech Lab  
  28  2:53  Orbital Command  
  28  2:57  Marine  
  28  2:58  Marine  
  29  3:02  SCV  
  31  3:05  Stimpack  
  31  3:07  Marine  
  32  3:14  SCV  
  32  3:15  Marine  
  32  3:16  Marine  
  32  3:19  SCV  
  36  3:22  Barracks Tech Lab  
  36  3:26  SCV  
  36  3:27  Marine  
  37  3:31  SCV  
  37  3:32  Supply Depot  
  37  3:33  Marine  
  37  3:34  Marine  
  40  3:38  SCV  
  40  3:40  Combat Shield  
  42  3:41  Marine  
  42  3:43  SCV  
  42  3:44  Marine  
  45  3:50  SCV  
  45  3:53  Marine x2  
  45  3:55  Supply Depot  
  48  3:56  SCV  
  48  3:59  Marine  
  48  4:02  Marine, Supply Depot  
  50  4:03  SCV  
  50  4:08  SCV  
  53  4:11  Marine  
  53  4:14  Factory  
  53  4:16  Refinery, SCV  
  53  4:17  Marine  
  55  4:20  Marine x2, SCV  
  55  4:21  Refinery  
  59  4:29  SCV, Marine  
  61  4:33  SCV  
  61  4:34  Marine  
  61  4:38  Marine x2  
  64  4:41  SCV, Supply Depot  
  64  4:45  SCV  
  67  4:47  Marine  
  67  4:52  Marine  
  67  4:56  Marine x2  
  65  5:01  Factory Reactor  
  65  5:05  Marine, Starport  
  63  5:10  Marine  
  63  5:13  Marine  
  63  5:14  Marine  
  58  5:15  SCV x2  
  58  5:19  Terran Infantry Armor Level 1, Command Center, Concussive Shells  
  58  5:21  Refinery  
  61  5:23  Marine  
  61  5:27  SCV  
  61  5:28  Supply Depot, SCV, Marauder  
  64  5:32  Marauder  
  64  5:34  Marine  
  69  5:39  SCV  
  69  5:40  SCV  
  71  5:48  Medivac x2  
  77  5:50  Marauder  
  77  5:53  Marauder  
  77  5:54  Barracks  
  77  5:55  Barracks  
  79  5:58  Supply Depot  
  79  6:00  Marine x2, Supply Depot  
  81  6:08  Factory Reactor  
  83  6:11  Marauder  
  83  6:14  SCV  
  83  6:15  Marauder  
  83  6:18  Ghost Academy  
  86  6:20  Medivac, SCV, Supply Depot  
  86  6:22  Medivac  
  91  6:26  Marine x2  
  91  6:30  SCV  
  91  6:32  SCV  
  95  6:37  Starport  
  95  6:39  Armory, Marine  
  95  6:41  Barracks Tech Lab  
  95  6:42  Barracks Reactor  
  81  6:55  Marauder, Marine  
  81  6:57  SCV x2  
  81  6:58  Marauder  
  83  7:04  Orbital Command  
  84  7:08  Marauder  
  84  7:09  SCV x2  
  84  7:11  Widow Mine x2  
  90  7:17  Marine x2  
  90  7:21  SCV x2  
  98  7:31  Marine x2  
  98  7:33  SCV x2  
  104  7:39  SCV  
  104  7:42  Marine  
  104  7:43  Marine  
  111  7:44  Widow Mine x2, Unknown  
  111  7:45  SCV x2  
  111  7:47  Refinery  
  111  7:49  Refinery  
  115  7:51  SCV  
  115  7:52  Marine x2  
  115  7:53  Unknown  
  120  7:59  Supply Depot, Unknown  
  120  8:01  Supply Depot  
  120  8:02  Supply Depot  
  120  8:05  Marine x2  
  120  8:07  Widow Mine  
  124  8:13  Unknown  
  124  8:14  Widow Mine  
  123  8:21  Unknown  
  123  8:22  Marauder x2  
  123  8:24  Marine x2  
  123  8:26  SCV x3  
  128  8:29  Medivac  
  128  8:32  Marauder  
  128  8:34  Marine x2  
  123  8:36  Medivac  
  127  8:43  Marauder  
  127  8:44  Marine x2  
  127  8:46  Command Center  
  133  8:49  Bunker  
  133  8:52  Marine  
  133  8:54  Marauder  
  133  8:55  Supply Depot  
  136  8:56  Supply Depot  
  136  8:57  Supply Depot  
  136  8:58  Marine  
  137  9:08  Marine  
  137  9:09  Widow Mine x2, Marine  
  145  9:10  Marine  
  145  9:11  Medivac  
  145  9:12  Marine, Unknown  
  145  9:13  Medivac  
  146  9:23  Marine  
  141  9:26  Marine  
  141  9:27  Marine  
  141  9:28  Marine  
  141  9:30  Marine, Widow Mine  
  141  9:31  Widow Mine  
  140  9:33  Marine, Unknown  
  135  9:50  Unknown  
Show
View Real Time Build Order
Export as new Build Order

GIGABONK Protoss 

Build Orders: 1 Gate Expand, Archon Immortal 

Get SALT Encoding   

  12  0:00  Probe  
  13  0:12  Probe  
  14  0:20  Pylon  
  14  0:24  Probe  
  15  0:35  Probe  
  15  0:40  Gateway  
  16  0:43  Probe  
  16  0:48  Assimilator  
  17  0:52  Probe  
  18  1:05  Probe  
  19  1:17  Probe  
  20  1:24  Nexus  
  20  1:32  Cybernetics Core  
  20  1:34  Probe  
  20  1:39  Assimilator  
  21  1:46  Probe  
  22  1:53  Pylon  
  22  1:58  Probe  
  22  1:59  Stalker  
  23  2:08  Warp Gate  
  23  2:12  Probe  
  26  2:17  Twilight Council  
  26  2:25  Probe  
  26  2:29  Adept  
  29  2:32  Probe  
  30  2:38  Gateway  
  30  2:39  Probe  
  30  2:40  Probe  
  30  2:43  Charge  
  31  2:48  Probe  
  33  2:53  Probe  
  34  3:02  Robotics Facility  
  34  3:10  Probe  
  35  3:13  Probe  
  35  3:14  Gateway  
  36  3:23  Probe  
  36  3:26  Probe  
  38  3:28  Pylon  
  38  3:36  Probe  
  38  3:38  Probe  
  40  3:41  Nexus  
  40  3:48  Probe, Pylon  
  41  3:50  Probe  
  41  3:51  Observer  
  43  3:56  Zealot  
  43  3:58  Zealot  
  43  4:00  Probe  
  48  4:03  Probe, Shield Battery  
  49  4:12  Probe  
  49  4:15  Probe  
  49  4:16  Pylon  
  51  4:19  Immortal  
  55  4:29  Probe, Forge  
  56  4:31  Zealot x2  
  56  4:33  Zealot  
  56  4:37  Shield Battery  
  62  4:41  Pylon  
  62  4:52  Zealot x2  
  66  4:53  Zealot  
  66  4:54  Probe  
  66  4:55  Probe  
  66  4:57  Probe  
  67  5:03  Immortal  
  67  5:06  Probe x2  
  70  5:08  Templar Archives  
  61  5:16  Protoss Ground Armor Level 1, Probe  
  61  5:17  Probe  
  61  5:18  Probe  
  63  5:27  Assimilator  
  64  5:28  Psionic Storm  
  64  5:34  Probe x2  
  66  5:36  Assimilator  
  66  5:37  Assimilator  
  66  5:40  Gateway  
  66  5:41  Gateway  
  66  5:42  Probe  
  67  5:44  Gateway  
  67  5:50  Probe  
  67  5:51  Gateway  
  68  6:00  Gateway  
  68  6:01  Gateway, Probe  
  69  6:08  Immortal  
  69  6:11  Zealot x3  
  69  6:17  Probe  
  80  6:21  Probe  
  81  6:26  Gateway  
  81  6:27  Probe  
  81  6:28  Pylon  
  81  6:32  High Templar, Zealot x2  
  84  6:36  Pylon, Probe x2  
  90  6:40  Zealot x2  
  90  6:44  Immortal  
  92  6:53  Zealot x3  
  88  6:59  Stalker  
  88  7:00  Probe x2  
  85  7:03  High Templar x2  
  85  7:05  Assimilator  
  90  7:08  Probe  
  90  7:10  Archon  
  90  7:13  Protoss Ground Armor Level 2  
  90  7:14  Pylon, High Templar x3  
  90  7:15  Zealot x2  
  100  7:17  Pylon  
  100  7:19  Probe  
  101  7:26  Immortal  
  105  7:36  Pylon  
  104  7:37  Zealot x2  
  104  7:38  Probe  
  109  7:45  High Templar  
  109  7:48  Nexus  
  111  7:51  Pylon  
  111  7:52  Probe  
  111  7:58  High Templar, Probe  
  114  8:01  Pylon  
  107  8:17  Immortal  
  107  8:18  Archon  
  99  8:23  Zealot x5  
  109  8:38  Probe  
  109  8:40  Probe  
  111  8:42  Zealot x5  
  111  8:45  Probe  
  122  8:52  High Templar x2  
  122  8:55  Pylon  
  126  8:56  Archon, Warp Prism  
  126  8:59  High Templar  
  126  9:00  High Templar  
  126  9:01  Zealot  
  134  9:03  Probe x2, Pylon  
  134  9:07  Pylon  
  124  9:11  Zealot x3  
  124  9:16  Zealot x2  
  94  9:24  Zealot  
  94  9:25  Zealot x2  
  94  9:27  Archon  
  94  9:31  Zealot x3  
  88  9:33  Probe  
  88  9:36  Zealot  
  81  9:38  High Templar  
  81  9:44  Zealot x2  
Tags
 
Add a new tag
Caveats
  • Supply blocks, unpowered buildings, or Contaminate may cause inaccurate times.
  • Supply counts are checked every 10 seconds.